 Dungeon Crawl Stone Soup version 0.24.0-13-gcf9b3192b9 (webtiles) character file.

Game seed: 3643123283573059874, levelgen mode: deterministic

63464 OleJ the Fighter (level 14, -1/113 HPs)
             Began as a Mummy Abyssal Knight on Nov 7, 2019.
             Was a High Priest of Lugonu.
             Slain by Snorg (17 damage)
             ... on level 1 of the Orcish Mines.
             The game lasted 01:20:48 (27032 turns).

OleJ the Fighter (Mummy Abyssal Knight)            Turns: 27032, Time: 01:20:48

Health: -1/113     AC: 16    Str: 24    XL:     14   Next: 68%
Magic:  22/22      EV:  9    Int: 11    God:    Lugonu [*****.]
Gold:   1114       SH: 19    Dex: 15    Spells: 13/13 levels left

rFire    x . .     SeeInvis .   N - +8 fustibalus of the Pure Moons {venom, Dex+4}
rCold    + . .     Gourm    .   U - +2 large shield
rNeg     + + +     Faith    .   o - +0 plate armour
rPois    ∞         Spirit   .   x - +0 helmet
rElec    +         Reflect  .   (no cloak)
rCorr    .         Harm     .   D - +0 pair of gloves
MR       +....                  (no boots)
Stlth    ..........             K - amulet of regeneration
HPRegen  0.68/turn              F - ring "Vaatiatu" {rElec Slay+2 Stlth-}
MPRegen  0.18/turn              L - ring of Roarot {Str+3 Stlth-}

@: no status effects
A: no food or potions, fire vulnerability, cold resistance 1, negative energy
resistance 3, torment resistance, unbreathing, in touch with death 1
a: Depart the Abyss, Bend Space, Banish, Corrupt, Enter the Abyss, Renounce
Religion


You were on level 1 of the Orcish Mines.
You worshipped Lugonu.
Lugonu was extremely pleased with you.
You were not hungry.

You visited 4 branches of the dungeon, and saw 20 of its levels.
You visited the Abyss 1 time.

You collected 1747 gold pieces.
You spent 633 gold pieces at shops.

Inventory:

Hand Weapons
 p - the +8 longbow "Zephyr" {speed, Dex+3 SInv}
   (You found it on level 6 of the Lair of Beasts)

   Attacks with this weapon are significantly faster.
   It affects your dexterity (+3).
   It lets you see invisible.
 N - the +8 fustibalus of the Pure Moons (weapon) {venom, Dex+4}
   (You found it on level 3 of the Lair of Beasts)

   It poisons the ammo it fires.
   It affects your dexterity (+4).
 Q - a +4 trident
Missiles
 j - 60 sling bullets
 k - 558 stones (quivered)
Armour
 o - a +0 plate armour (worn)
 x - a +0 helmet (worn)
 z - a +0 hat
 A - a +1 large shield of protection
 D - a +0 pair of gloves (worn)
 U - a +2 large shield (worn)
Jewellery
 e - an uncursed amulet of rage {unknown}
 h - a +4 ring of protection
 u - an uncursed ring of resist corrosion
 F - the ring "Vaatiatu" (left hand) {rElec Slay+2 Stlth-}
   (You bought it in a shop on level 11 of the Dungeon)

   [ring of attention]

   It affects your accuracy and damage with ranged weapons and melee attacks
   (+2).
   It insulates you from electricity.
   It makes you less stealthy.
 K - an amulet of regeneration (around neck)
 L - the ring of Roarot (right hand) {Str+3 Stlth-}
   (You bought it in a shop on level 11 of the Dungeon)

   [ring of attention]

   It affects your strength (+3).
   It makes you less stealthy.
Wands
 b - a wand of paralysis (2)
 c - a wand of disintegration (12)
 f - a wand of acid (33)
 r - a wand of iceblast (12)
 t - a wand of random effects (19)
 J - a wand of flame (8)
 M - a wand of scattershot (8)
 O - a wand of polymorph (10)
 T - a wand of digging (3)
Scrolls
 a - a scroll of torment {unknown}
 d - 7 scrolls of identify
 g - 4 scrolls of teleportation
 i - 6 scrolls of magic mapping
 l - 5 scrolls of enchant armour
 m - 6 scrolls of fear
 n - 3 scrolls of blinking
 q - a scroll of immolation {unknown}
 v - 13 scrolls of remove curse
 w - 3 scrolls of random uselessness
 y - 4 scrolls of amnesia
 B - a scroll of summoning
 H - 2 scrolls of brand weapon
 P - 2 scrolls of acquirement {unknown}
 R - a scroll of enchant weapon
 S - a scroll of fog {unknown}
Miscellaneous
 s - a phantom mirror


   Skills:
 + Level 11.4 Fighting
   Level 1.0(5.0) Axes
 + Level 7.9(8.0) Polearms
 + Level 4.6 Slings
 + Level 8.6 Armour
 + Level 9.8 Dodging
 + Level 8.6 Shields
 + Level 10.7 Invocations


You had 13 spell levels left.
You didn't know any spells.
Your spell library contained the following spells:

 Spells                   Type           Power        Failure   Level  Hunger
 Confusing Touch          Hex            #.....       100%        1    N/A
 Corona                   Hex            #......      100%        1    N/A
 Flame Tongue             Conj/Fire      #....        100%        1    N/A
 Freeze                   Ice            #...         100%        1    N/A
 Summon Butterflies       Summ           #.......     100%        1    N/A
 Ensorcelled Hibernation  Hex/Ice        #.....       100%        2    N/A
 Throw Flame              Conj/Fire      #.....       100%        2    N/A
 Throw Frost              Conj/Ice       #.....       100%        2    N/A
 Call Canine Familiar     Summ           #.......     100%        3    N/A
 Confuse                  Hex            #.......     100%        3    N/A
 Conjure Flame            Conj/Fire      #.......     100%        3    N/A
 Dazzling Spray           Conj/Hex       #.....       100%        3    N/A
 Gell's Gravitas          Tloc           #.........   100%        3    N/A
 Inner Flame              Hex/Fire       #.......     100%        3    N/A
 Ozocubu's Armour         Chrm/Ice       #.......     100%        3    N/A
 Tukima's Dance           Hex            #.......     100%        3    N/A
 Petrify                  Tmut/Erth      #.......     100%        4    N/A
 Sticky Flame             Conj/Fire      #.......     100%        4    N/A
 Summon Ice Beast         Ice/Summ       #.......     100%        4    N/A
 Throw Icicle             Conj/Ice       #.......     100%        4    N/A
 Fireball                 Conj/Fire      #.........   100%        5    N/A
 Metabolic Englaciation   Hex/Ice        #.........   100%        5    N/A
 Summon Mana Viper        Hex/Summ       #.......     100%        5    N/A
 Yara's Violent Unravell  Hex/Tmut       #.........   100%        5    N/A
 Summon Hydra             Summ           #.........   100%        7    N/A

Dungeon Overview and Level Annotations

Branches:
Dungeon (12/15)            Temple (0/1) D:4            Lair (6/6) D:8
 Shoals (1/4) Lair:3       Spider (0/4) Lair:2        Slime (0/5) Lair:6
    Orc (1/2) D:12

Altars:
Fedhas
Hepliaklqana
Makhleb
Nemelex Xobeh
Qazlal
Vehumet
Beogh

Shops:
D:4 *(*%   D:11 =:*

Annotations:
D:10 3 runed translucent doors
D:11 corrupted
Lair:6 corrupted
Shoals:1 corrupted
Orc:1 Snorg
Abyss:1 Fannar, Harold


Innate Abilities, Weirdness & Mutations

You do not eat or drink.
Your flesh is vulnerable to fire.
You are immune to poison.
Your flesh is cold resistant. (rC+)
You are immune to negative energy. (rN+++)
You are immune to unholy pain and torment.
You can survive without breathing.
You are in touch with the powers of death.


Message History

The orc priest invokes the aid of Beogh against you.
Beogh smites you!
Firing (i - inventory. (/) - cycle)
k - 559 stones (quivered)
Press: ? - help, Shift-Dir - straight line, f/p - Snorg
Aim: Snorg (heavily wounded, berserk, fast, unusually strong, poisoned)
You shoot a stone. The stone closely misses Snorg.
The stone closely misses the ogre.
Snorg bites you! You block Snorg's attack. Snorg barely misses you.
You block Snorg's attack. Snorg claws you. You block Snorg's attack.
You are too injured to fight recklessly!
You are too injured to fight recklessly!
You are too injured to fight recklessly!
You are too injured to fight recklessly!
The orc barely misses you. You block the orc priest's attack.
Snorg barely misses you. Snorg claws you! You block Snorg's attack.
The orc closely misses you. Snorg bites you!!
* * * LOW HITPOINT WARNING * * *
You block Snorg's attack. Snorg claws you!
You die...

## .. ##.######.......
#...##...#........... ...
#..#.........#..........
#...#...................
##..#.##...........(....
##...................#...
##......##................
#......OT@.......#........
##.#....o...........##[...
##...._o...............#.
#)..............)...[....
#.((............><).)#....
#(...#............)..##.#.
.(.........##.........#^...
.(.....................)..†.
##.#.........#...#.#....#..#.


You could see Snorg (berserk), an ogre, an orc priest and an orc.

Vanquished Creatures
  Gastronok (Orc:1)
  Josephine (Lair:4)
  4 hydras
  Erica (D:11)
  An ice dragon (D:12)
  A queen ant (Lair:2)
  9 death yaks
  Nergalle (D:11)
  2 sea snakes (Shoals:1)
  A harpy (Shoals:1)
  A wolf spider (Lair:2)
  An orc sorcerer (Orc:1)
  An oklob plant (Lair:6)
  6 elephants (Lair:4)
  Maurice (D:9)
  A water nymph (Shoals:1)
  3 merfolk sirens (Lair:3)
  10 black mambas
  12 spiny frogs
  An eye of devastation (Lair:6)
  A gargoyle (D:10)
  3 rime drakes
  3 komodo dragons
  A merfolk (Lair:3)
  A troll (D:12)
  4 polar bears
  21 blink frogs
  3 wind drakes (Shoals:1)
  A hornet (Lair:6)
  6 dream sheep (Lair:6)
  A snapping turtle (Shoals:1)
  11 hippogriffs
  3 redbacks
  A vampire (D:12)
  2 shadows (D:10)
  8 wyverns
  5 wraiths (Lair:4)
  Sigmund (D:4)
  32 yaks
  A basilisk (Lair:4)
  13 soldier ants (Lair:2)
  19 water moccasins
  6 porcupines
  A hornet zombie (D:6)
  2 ice beasts
  7 sky beasts
  2 phantoms
  An eye of draining (Lair:6)
  3 black bears
  7 orc warriors
  A necrophage (D:12)
  3 ogres
  4 boggarts (Lair:5)
  3 wolves (Lair:6)
  8 centaurs
  19 crocodiles
  4 big kobolds
  9 bullfrogs
  7 scorpions
  17 killer bees
  4 wights (D:7)
  2 howler monkeys
  An electric eel (Lair:1)
  8 crimson imps
  A bullfrog zombie (D:10)
  A centaur zombie (D:9)
  2 centaur skeletons
  5 hounds
  13 orc priests
  A bullfrog skeleton (D:9)
  6 jellies
  7 orc wizards
  Ijyb (D:4)
  6 iguanas
  40 worker ants
  A bullfrog simulacrum (D:12)
  A hound skeleton (D:7)
  18 adders
  3 shadow imps
  2 white imps (D:12)
  3 oozes
  2 adder zombies
  An adder skeleton (D:4)
  2 dart slugs
  7 leopard geckos
  34 orcs
  2 ball pythons
  5 giant cockroaches
  7 goblins
  9 hobgoblins
  4 jackals
  4 quokkas
  5 bats
  5 frilled lizards
  30 kobolds
  A quokka skeleton (D:5)
  5 rats
  A fungus (Lair:6)
  A plant (Shoals:1)
555 creatures vanquished.

Vanquished Creatures (others)
  Roxanne (Shoals:1)
  Donald (Shoals:1)
  The ghost of Sucuets the Geomancer, a journeyman GrEE of Vehumet (Lair:5)
  A merfolk javelineer (Shoals:1)
  A fire dragon (Lair:6)
  A hydra (Lair:6)
  3 two-headed ogres
  A death yak (Lair:2)
  An unseen horror (D:10)
  5 harpies (Shoals:1)
  4 lindwurms (Lair:6)
  A wolf spider (Lair:6)
  An ugly thing (D:12)
  2 black mambas (Lair:6)
  A guardian serpent (Lair:6)
  4 spiny frogs (Lair:6)
  A troll (D:11)
  A merfolk (Shoals:1)
  3 hippogriffs
  A queen bee (D:11)
  A wind drake (Shoals:1)
  A hornet (Lair:6)
  4 redbacks (Lair:6)
  5 yaks (Lair:6)
  4 wyverns (Lair:6)
  2 basilisks (Lair:6)
  4 steam dragons (Lair:6)
  4 water moccasins (Lair:6)
  An acid dragon (D:12)
  An orc warrior (D:7)
  2 swamp drakes (Lair:6)
  A centaur (Shoals:1)
  A crocodile (Lair:6)
  4 killer bees (D:11)
  6 bushes
  9 fungi
  31 plants
  6 starspawn tentacles (Shoals:1)
122 creatures vanquished.

Grand Total: 677 creatures vanquished

Notes
Turn   | Place    | Note
-------+----------+-------------------------------------------
     0 | Abyss:1  | OleJ the Mummy Abyssal Knight began the quest for the Orb.
     0 | Abyss:1  | Reached XP level 1. HP: 18/18 MP: 2/2
    39 | Abyss:1  | Found a corrupted altar of Lugonu.
    46 | Abyss:1  | Found a corrupted altar of Lugonu.
    66 | Abyss:1  | Noticed a flying skull
    72 | D:1      | Escaped the Abyss
   348 | D:1      | Reached skill level 1 in Dodging
   481 | D:1      | Reached XP level 2. HP: 24/24 MP: 3/3
  1012 | D:2      | Reached * piety under Lugonu
  1012 | D:2      | Reached XP level 3. HP: 12/29 MP: 4/4
  1752 | D:2      | Found a burning altar of Makhleb.
  1971 | D:2      | Reached XP level 4. HP: 33/35 MP: 5/5
  2160 | D:3      | Reached XP level 5. HP: 27/42 MP: 6/6
  2419 | D:3      | Reached ** piety under Lugonu
  3400 | D:4      | Noticed a centaur
  3422 | D:4      | Reached skill level 4 in Fighting
  3436 | D:4      | Reached XP level 6. HP: 25/48 MP: 8/8
  3641 | D:4      | Found a blossoming altar of Fedhas.
  3679 | D:4      | Found a staircase to the Ecumenical Temple.
  3950 | D:4      | Found Xigimmuh's Weapon Emporium.
  3950 | D:4      | Noticed Sigmund
  3993 | D:4      | Killed Sigmund
  3993 | D:4      | Reached XP level 7. HP: 8/55 MP: 9/9
  4325 | D:4      | Found Leruerch's Assorted Antiques.
  4357 | D:4      | Found Rukulit's General Store.
  4361 | D:4      | Bought a +0 large shield of protection for 126 gold pieces
  4428 | D:4      | Found Xyajah's Food Emporium.
  4544 | D:4      | Noticed Ijyb
  4549 | D:4      | Paralysed by Ijyb for 3 turns
  4558 | D:4      | Killed Ijyb
  4660 | D:5      | Entered Level 5 of the Dungeon
  5330 | D:5      | Reached skill level 1 in Shields
  5559 | D:5      | Reached skill level 5 in Fighting
  5559 | D:5      | Reached XP level 8. HP: 62/62 MP: 10/10
  6839 | D:6      | Reached *** piety under Lugonu
  7367 | D:6      | Found a hazy altar of Hepliaklqana.
  7554 | D:6      | Noticed a hippogriff
  7590 | D:6      | Banished a hippogriff
  7590 | D:6      | Reached XP level 9. HP: 23/69 MP: 12/12
  8099 | D:6      | Found a sparkling altar of Nemelex Xobeh.
  8451 | D:7      | Reached skill level 6 in Fighting
  8526 | D:7      | Reached skill level 5 in Invocations
  9569 | D:7      | Reached skill level 5 in Polearms
  9583 | D:7      | Reached skill level 5 in Armour
 11018 | D:8      | Noticed Harold
 11030 | D:8      | Banished Harold
 11030 | D:8      | Reached skill level 1 in Axes
 11030 | D:8      | Reached skill level 5 in Dodging
 11030 | D:8      | Reached XP level 10. HP: 55/77 MP: 14/14
 11187 | D:8      | Reached skill level 7 in Fighting
 11346 | D:8      | Found a radiant altar of Vehumet.
 11497 | D:8      | Found a staircase to the Lair.
 11817 | D:9      | Noticed Maurice
 11861 | D:9      | Reached **** piety under Lugonu
 13084 | D:10     | Entered Level 10 of the Dungeon
 13084 | D:10     | Noticed a gargoyle
 13372 | D:9      | Killed Maurice
 13629 | D:10     | Found a runed translucent gate.
 13630 | D:10     | Found a runed translucent gate.
 13631 | D:10     | Found a runed translucent gate.
 13631 | D:10     | Noticed a red ugly thing
 13631 | D:10     | Noticed a brown ugly thing
 13631 | D:10     | Noticed a purple ugly thing
 13633 | D:10     | Noticed a purple ugly thing
 13635 | D:10     | Noticed a red ugly thing
 13730 | D:10     | Killed a gargoyle
 14024 | D:10     | Banished an unseen horror
 14257 | D:11     | Found Upuph's Jewellery Shop.
 14317 | D:11     | Reached skill level 5 in Shields
 14324 | D:11     | Bought the ring "Vaatiatu" {rElec Slay+2 Stlth-} for 299
                  | gold pieces
 14324 | D:11     | Bought the ring of Roarot {Str+3 Stlth-} for 208 gold
                  | pieces
 14380 | D:11     | Reached XP level 11. HP: 84/85 MP: 16/16
 14499 | D:11     | Noticed a two-headed ogre
 14529 | D:11     | Banished a two-headed ogre
 14775 | D:11     | Found Vuipsaa's Book Boutique.
 14934 | D:11     | Reached skill level 8 in Fighting
 15102 | D:11     | Corrupted D:11
 15102 | D:11     | Noticed a lich
 15102 | D:11     | Noticed a soul eater
 15102 | D:11     | Noticed a large abomination
 15102 | D:11     | Noticed a large abomination
 15102 | D:11     | Noticed a hell hog
 15102 | D:11     | Noticed a large abomination
 15104 | D:11     | Noticed a blizzard demon
 15105 | D:11     | HP: 3/86 [killer bee (7)]
 15356 | D:11     | Found Zaekhimn's General Store.
 15632 | D:11     | Found a stormy altar of Qazlal.
 15690 | D:11     | Noticed Nergalle
 15730 | D:11     | Killed Nergalle
 15736 | D:11     | Noticed Erica
 15761 | D:11     | Killed Erica
 15933 | D:12     | Noticed Fannar
 15933 | D:12     | Noticed a two-headed ogre
 15940 | D:12     | Banished Fannar
 15942 | D:12     | Banished a two-headed ogre
 16019 | D:12     | Noticed a brown ugly thing
 16028 | D:12     | Banished a brown ugly thing
 16082 | D:12     | Found a frozen archway.
 16085 | D:12     | Noticed an ice dragon
 16326 | Lair:1   | Entered Level 1 of the Lair of Beasts
 16816 | Lair:1   | HP: 1/87 [electric eel/bolt of electricity (10)]
 16982 | Lair:1   | Noticed an eight-headed hydra
 16994 | Lair:1   | Banished an eight-headed hydra
 17186 | Lair:1   | Reached XP level 12. HP: 79/94 MP: 17/17
 17203 | Lair:1   | Noticed a four-headed hydra
 17225 | Lair:1   | Killed a four-headed hydra
 17225 | Lair:1   | Reached skill level 9 in Fighting
 17787 | Lair:2   | Noticed a queen ant
 17838 | Lair:2   | Killed a queen ant
 18631 | Lair:2   | Found a hole to the Spider Nest.
 18876 | Lair:3   | Noticed a death yak
 18876 | Lair:3   | Noticed a death yak
 18876 | Lair:3   | Noticed a death yak
 19394 | Lair:2   | Reached skill level 10 in Fighting
 19428 | Lair:3   | Noticed a five-headed hydra
 19471 | Lair:2   | Killed a five-headed hydra
 19585 | Lair:2   | Banished a death yak
 19758 | Lair:2   | Killed a death yak
 19940 | Lair:3   | Noticed a death yak
 19941 | Lair:3   | Noticed a death yak
 19941 | Lair:3   | Noticed a death yak
 19942 | Lair:3   | Got a warped fustibalus
 19942 | Lair:3   | Noticed a death yak
 19947 | Lair:3   | Noticed a death yak
 19953 | Lair:2   | Identified the +8 fustibalus of the Pure Moons {venom,
                  | Dex+4} (You found it on level 3 of the Lair of Beasts)
 19971 | Lair:3   | Noticed a death yak
 19993 | Lair:2   | Killed a death yak
 19995 | Lair:2   | Killed a death yak
 19995 | Lair:2   | Gained mutation: You are in touch with the powers of death.
                  | [Mummy growth]
 19995 | Lair:2   | Reached XP level 13. HP: 20/103 MP: 20/20
 20135 | Lair:2   | Reached skill level 1 in Slings
 20633 | Lair:3   | Found a staircase to the Shoals.
 21187 | Lair:4   | Reached skill level 10 in Invocations
 21289 | Lair:4   | Reached ***** piety under Lugonu
 21516 | Lair:4   | Noticed Josephine
 21527 | Lair:4   | Killed Josephine
 22734 | Lair:5   | Reached XP level 14. HP: 111/111 MP: 21/21
 22744 | Lair:5   | Noticed Sucuets's ghost (journeyman GrEE)
 22877 | Lair:5   | Found a runed translucent door.
 23290 | Lair:5   | Banished Sucuets's ghost
 23453 | Lair:6   | Entered Level 6 of the Lair of Beasts
 23595 | Lair:6   | Reached skill level 11 in Fighting
 23915 | Lair:6   | Found a staircase to the Slime Pits.
 24123 | Lair:6   | Corrupted Lair:6
 24123 | Lair:6   | Noticed a starcursed mass
 24123 | Lair:6   | Noticed a deep elf elementalist
 24165 | Lair:6   | Noticed a lich
 24510 | Lair:6   | Found the +8 longbow "Zephyr" {speed, Dex+3 SInv}
 25135 | Shoals:1 | Entered Level 1 of the Shoals
 25288 | Shoals:1 | Noticed Roxanne
 25422 | Shoals:1 | Noticed Donald
 25429 | Shoals:1 | Corrupted Shoals:1
 25429 | Shoals:1 | Noticed a starcursed mass
 25429 | Shoals:1 | Noticed a starcursed mass
 25429 | Shoals:1 | Noticed a tentacled starspawn
 25431 | Shoals:1 | Noticed a starcursed mass
 25434 | Shoals:1 | Killed Donald
 25438 | Shoals:1 | Killed Roxanne
 25488 | Shoals:1 | Noticed a tentacled starspawn
 26426 | D:12     | Found a staircase to the Orcish Mines.
 26795 | Orc:1    | Entered Level 1 of the Orcish Mines
 26881 | Orc:1    | Noticed Gastronok
 26891 | Orc:1    | Killed Gastronok
 26912 | Orc:1    | Found a roughly hewn altar of Beogh.
 27016 | Orc:1    | Noticed Snorg
 27032 | Orc:1    | Slain by Snorg

Levels and vault maps discovered:
D:1:      lightli_arrival_flooded_house, layout_basic, corexii_hall_statues_i
D:2:      layout_basic, bloody_makhleb
D:3:      layout_basic, first_ration
D:4:      layout_basic, minmay_temple_entry_fiery, serial_shops, shop,
          nicolae_shop_trees, shop, nicolae_shop_behind_doors,
          fedhas_bush_and_centaur_altar, uniq_ijyb, uniq_sigmund
D:5:      layout_loops_ring, kennysheep_pointless_box
D:6:      layout_basic, basic_altar, nemelex_dance_club_becter
D:7:      layout_basic, chequers_garden
D:8:      layout_cave_pods, vehumet_crystals, lair_entry_dummy, uniq_harold
D:9:      layout_basic, uniq_maurice
D:10:     layout_rooms, ploomutoo_gammafunk_ghost_potion_laboratory
D:11:     layout_loops_ring, serial_shops, nicolae_shop_trees, shop,
          nicolae_shop_behind_doors, david_nohive_1, minmay_hedge_maze,
          nicolae_qazlal_eye_of_the_storm, uniq_erica, uniq_nergalle
D:12:     layout_roguey, orc_0_dummy, serial_ice, serial_ice_g, serial_ice_d,
          serial_ice_c, serial_ice_e, portal_ice_cave_entry_animals_and_master,
          uniq_fannar
Lair:1:   layout_gridlike, minivault_11
Lair:2:   layout_loops_ring, spider_nest_entry_funnel_web, zaba_anthell,
          serial_bayou_shore_b, infiniplex_staircase_pool, grunt_megastairs_3
Lair:3:   layout_cave_shapes, elwin_shoals_entry_stream,
          infiniplex_staircase_pool_2
Lair:4:   layout_cave_pods, chequers_serial_rivers_marsh, grunt_megastairs_2,
          uniq_josephine
Lair:5:   layout_loops_ring, hellmonk_ghost_happy_afterlife,
          kilobyte_rumbling_trees, lemuel_fruit_fields, serial_bayou_shore_b
Lair:6:   hangedman_lair_tendril_chambers, layout_regular_city,
          guppyfry_lair_end_dragon, minmay_slime_entry_eyes,
          minmay_lair_oklob_items, minmay_lindwurm_lava
Shoals:1: layout_shoals, uniq_roxanne, uniq_donald
Orc:1:    layout_caves, basic_altar, uniq_snorg, uniq_gastronok

Skill      XL: |  1  2  3  4  5  6  7  8  9 10 11 12 13 14 |
---------------+-------------------------------------------+-----
Dodging        | 1 2 3 4 5 6 8 9 |  9.8
Invocations    | 2 3 4 5 6 7 9 10 | 10.7
Polearms       | 2 3 4 5 6 7 |  7.9
Armour         | 2 3 4 5 6 7 8 |  8.6
Fighting       | 4 5 6 7 8 10 11 | 11.4
Shields        | 1 2 3 5 6 7 8 |  8.6
Axes           | 1 |  1.0
Slings         | 3 4 |  4.6

Action                   |  1- 3 |  4- 6 |  7- 9 | 10-12 | 13-15 || total
-------------------------+-------+-------+-------+-------+-------++-------
Melee: Spear             |   146 |    10 |       |       |       ||   156
       Trident           |       |   267 |  1072 |  1989 |       ||  3328
 Fire: Fustibalus        |       |       |       |    19 |   850 ||   869
Invok: Depart the Abyss  |     1 |       |       |       |       ||     1
       Banish            |       |       |     3 |    13 |     6 ||    22
       Corrupt           |       |       |       |     1 |     2 ||     3
       Bend Space        |       |       |       |     2 |     2 ||     4
Evoke: Wand              |       |       |       |     9 |       ||     9
  Use: Scroll            |     3 |     1 |     1 |    22 |     6 ||    33
Armor: Chain mail        |    78 |       |       |       |       ||    78
       Plate armour      |     1 |   172 |   563 |  1128 |   302 ||  2166
Dodge: Dodged            |    36 |    62 |    74 |   316 |   222 ||   710
Block: Large shield      |       |       |   645 |  1787 |   722 ||  3154
